[ AOE2 MATCH · #472541663 ]
1v1 RMLithuanians vs Vikings
Rival team · WIN
[ REPLAY ANALYSIS · EXTRACTED FROM THE RECORDED GAME ]
Feudal
9:15
Castle
20:33
Imperial
—
| APM avg | 40.4 |
| APM peak | 95 |
| eAPM avg | 18.4 |
| Villagers / military | 115 / 65 |
Focus
⚔️ 28.6% · 🌾 71.4%
Cavalry Archer ×49 · Skirmisher ×12 · Mangonel ×3 · Spearman ×1
Feudal
9:37
Castle
23:43
Imperial
37:43
| APM avg | 36.5 |
| APM peak | 75 |
| eAPM avg | 17.9 |
| Villagers / military | 111 / 55 |
Focus
⚔️ 28.2% · 🌾 71.8%
Archer ×20 · Skirmisher ×15 · Berserk ×9 · Scout Cavalry ×6 · Knight ×2 · Trebuchet (Packed) ×2
Match map
Initial resources + every placement click. Lines = walls · curves = elevation contours. ◆ gold · ⬟ stone · ● berries · ✦ relic · ◌ wall gap
Your base· Open — opponent sealed themselves in
Vašus's base· ✓ Closed at 23:43 · 41t walls · no gate
Smoothed initial terrain · ◌ = detected wall gap · hover for details
Inputs per minute
— Thelocalfish - - Vašus
Build order — Thelocalfish
First 150 of 216 actions detected
| 0:00 | Create | Villager (Male) |
| 0:00 | Create | Villager (Male) |
| 0:01 | Create | Villager (Male) |
| 0:01 | Create | Villager (Male) |
| 0:01 | Create | Villager (Male) |
| 0:03 | Build | House |
| 0:05 | Build | House |
| 0:26 | Create | Villager (Male) |
| 0:26 | Create | Villager (Male) |
| 1:24 | Create | Villager (Male) |
| 1:24 | Create | Villager (Male) |
| 1:24 | Create | Villager (Male) |
| 1:46 | Build | Lumber Camp |
| 2:14 | Create | Villager (Male) |
| 2:14 | Create | Villager (Male) |
| 2:14 | Create | Villager (Male) |
| 2:21 | Create | Villager (Male) |
| 2:21 | Create | Villager (Male) |
| 2:51 | Create | Villager (Male) |
| 2:51 | Create | Villager (Male) |
| 3:11 | Create | Villager (Male) |
| 3:53 | Build | House |
| 4:00 | Create | Villager (Male) |
| 4:00 | Create | Villager (Male) |
| 4:00 | Create | Villager (Male) |
| 4:21 | Build | Mill |
| 5:16 | Create | Villager (Male) |
| 5:17 | Create | Villager (Male) |
| 6:01 | Create | Villager (Male) |
| 6:15 | Build | House |
| 6:25 | Research | Loom |
| 7:00 | Research | Feudal Age |
| 8:19 | Build | Barracks |
| 9:02 | Create | Villager (Male) |
| 9:02 | Create | Villager (Male) |
| 9:15 | Age | Feudal Age |
| 9:34 | Build | Archery Range |
| 9:54 | Create | Villager (Male) |
| 10:14 | Build | House |
| 10:21 | Create | Skirmisher |
| 10:21 | Create | Skirmisher |
| 10:47 | Create | Villager (Male) |
| 10:47 | Create | Villager (Male) |
| 11:05 | Create | Skirmisher |
| 11:19 | Build | Farm |
| 11:24 | Create | Villager (Male) |
| 11:25 | Create | Skirmisher |
| 11:35 | Build | House |
| 11:53 | Create | Villager (Male) |
| 12:04 | Build | Farm |
| 12:09 | Build | House |
| 12:15 | Build | Farm |
| 12:21 | Create | Skirmisher |
| 12:37 | Build | Farm |
| 12:38 | Create | Villager (Male) |
| 12:40 | Build | Farm |
| 12:52 | Build | Blacksmith |
| 12:56 | Create | Villager (Male) |
| 13:03 | Build | Farm |
| 13:10 | Build | Farm |
| 13:11 | Create | Villager (Male) |
| 13:15 | Create | Skirmisher |
| 13:41 | Create | Villager (Male) |
| 13:42 | Research | Fletching |
| 13:58 | Create | Villager (Male) |
| 13:58 | Create | Villager (Male) |
| 14:01 | Create | Skirmisher |
| 14:01 | Create | Skirmisher |
| 14:23 | Build | Farm |
| 14:28 | Build | Farm |
| 14:34 | Build | Mining Camp |
| 14:42 | Create | Skirmisher |
| 15:25 | Create | Villager (Male) |
| 15:27 | Build | Farm |
| 15:31 | Build | House |
| 15:36 | Build | House |
| 16:13 | Create | Spearman |
| 16:25 | Build | Market |
| 16:44 | Create | Villager (Male) |
| 16:51 | Build | Farm |
| 17:08 | Create | Villager (Male) |
| 17:15 | Build | Farm |
| 17:21 | Build | Farm |
| 17:22 | Build | Farm |
| 17:24 | Build | Farm |
| 17:53 | Research | Castle Age |
| 17:53 | Research | Castle Age |
| 17:56 | Build | Farm |
| 18:10 | Create | Skirmisher |
| 18:10 | Create | Skirmisher |
| 18:29 | Build | Watch Tower |
| 18:45 | Build | Watch Tower |
| 19:01 | Create | Skirmisher |
| 19:41 | Build | House |
| 19:52 | Create | Villager (Male) |
| 19:52 | Create | Villager (Male) |
| 20:20 | Build | Archery Range |
| 20:28 | Create | Villager (Male) |
| 20:31 | Build | Farm |
| 20:31 | Build | Farm |
| 20:33 | Age | Castle Age |
| 20:43 | Create | Cavalry Archer |
| 20:43 | Create | Cavalry Archer |
| 21:03 | Create | Cavalry Archer |
| 21:03 | Create | Cavalry Archer |
| 21:16 | Create | Cavalry Archer |
| 21:17 | Create | Cavalry Archer |
| 21:21 | Build | Farm |
| 21:24 | Build | Farm |
| 21:32 | Create | Cavalry Archer |
| 21:33 | Create | Cavalry Archer |
| 21:37 | Create | Villager (Male) |
| 21:38 | Build | Farm |
| 21:47 | Create | Cavalry Archer |
| 22:18 | Create | Villager (Male) |
| 22:20 | Build | Farm |
| 22:25 | Build | House |
| 22:29 | Build | House |
| 22:53 | Create | Cavalry Archer |
| 22:54 | Create | Cavalry Archer |
| 22:59 | Research | Bodkin Arrow |
| 23:02 | Research | Padded Archer Armor |
| 23:03 | Create | Villager (Male) |
| 23:43 | Create | Cavalry Archer |
| 23:46 | Create | Cavalry Archer ×3 |
| 24:05 | Create | Cavalry Archer |
| 24:05 | Create | Cavalry Archer |
| 24:07 | Create | Villager (Male) |
| 24:07 | Create | Villager (Male) |
| 24:32 | Create | Cavalry Archer |
| 24:48 | Create | Villager (Male) |
| 25:08 | Create | Villager (Male) |
| 25:41 | Create | Villager (Male) |
| 25:48 | Build | Town Center |
| 26:03 | Create | Villager (Male) |
| 26:04 | Create | Cavalry Archer |
| 26:04 | Create | Cavalry Archer |
| 26:05 | Create | Cavalry Archer |
| 26:48 | Create | Villager (Male) |
| 26:48 | Create | Villager (Male) |
| 26:49 | Create | Cavalry Archer |
| 26:50 | Create | Cavalry Archer |
| 26:57 | Build | House |
| 26:58 | Build | House |
| 27:27 | Create | Villager (Male) |
| 27:32 | Create | Villager (Male) ×5 |
| 28:48 | Create | Villager (Male) |
| 28:48 | Create | Villager (Male) |
| 28:51 | Build | Siege Workshop |
| 29:04 | Build | Town Center |
Build order — Vašus
First 150 of 251 actions detected
| 0:00 | Create | Villager (Male) ×4 |
| 0:02 | Build | House |
| 0:04 | Build | House |
| 1:24 | Create | Villager (Male) |
| 1:49 | Build | Lumber Camp |
| 1:59 | Create | Villager (Male) |
| 2:21 | Create | Villager (Male) |
| 2:48 | Create | Villager (Male) |
| 3:21 | Create | Villager (Male) |
| 3:38 | Create | Villager (Male) |
| 3:58 | Build | House |
| 4:01 | Build | Mill |
| 4:23 | Create | Villager (Male) |
| 4:23 | Create | Villager (Male) |
| 4:57 | Create | Villager (Male) |
| 5:13 | Create | Villager (Male) |
| 6:12 | Create | Villager (Male) |
| 6:14 | Create | Villager (Male) |
| 6:41 | Research | Loom |
| 7:05 | Create | Villager (Male) |
| 7:14 | Build | House |
| 7:20 | Create | Villager (Male) |
| 7:27 | Research | Feudal Age |
| 7:27 | Research | Feudal Age |
| 7:56 | Build | Mining Camp |
| 8:14 | Create | Villager (Male) |
| 8:24 | Create | Villager (Male) |
| 8:36 | Build | Barracks |
| 8:46 | Create | Villager (Male) |
| 9:06 | Build | House |
| 9:10 | Build | Palisade Wall |
| 9:16 | Create | Villager (Male) |
| 9:37 | Age | Feudal Age |
| 9:39 | Build | Archery Range |
| 9:41 | Create | Spearman |
| 9:51 | Build | House |
| 9:53 | Create | Villager (Male) |
| 10:03 | Create | Villager (Male) |
| 10:11 | Build | Palisade Wall |
| 10:13 | Create | Villager (Male) |
| 10:23 | Build | House |
| 10:29 | Build | Palisade Wall |
| 10:32 | Build | Palisade Wall |
| 10:33 | Create | Villager (Male) |
| 10:45 | Create | Villager (Male) |
| 10:47 | Create | Archer |
| 10:48 | Create | Archer |
| 10:56 | Build | Palisade Wall |
| 11:01 | Create | Villager (Male) |
| 11:21 | Create | Archer |
| 11:29 | Create | Villager (Male) |
| 11:38 | Research | Double-Bit Axe |
| 11:41 | Build | House |
| 11:50 | Create | Archer |
| 11:50 | Create | Archer |
| 11:56 | Build | Palisade Wall |
| 12:02 | Create | Villager (Male) |
| 12:11 | Build | Blacksmith |
| 12:31 | Create | Villager (Male) |
| 12:37 | Create | Archer |
| 12:45 | Build | House |
| 12:49 | Build | Palisade Wall |
| 13:05 | Research | Fletching |
| 13:07 | Create | Villager (Male) |
| 13:10 | Build | Farm |
| 13:20 | Build | Farm |
| 13:21 | Build | Farm |
| 13:21 | Build | Farm |
| 13:46 | Create | Villager (Male) |
| 13:50 | Build | Farm |
| 14:00 | Build | Lumber Camp |
| 14:03 | Create | Archer |
| 14:03 | Create | Archer |
| 14:04 | Create | Archer |
| 14:26 | Create | Archer |
| 14:26 | Create | Archer |
| 14:36 | Create | Villager (Male) |
| 14:37 | Create | Villager (Male) |
| 14:51 | Build | Farm |
| 15:10 | Build | Stable |
| 15:15 | Create | Villager (Male) |
| 15:21 | Create | Archer |
| 15:28 | Create | Villager (Male) |
| 15:42 | Build | Lumber Camp |
| 15:47 | Create | Villager (Male) |
| 15:58 | Create | Scout Cavalry |
| 16:09 | Build | Farm |
| 16:22 | Build | Farm |
| 16:25 | Build | Farm |
| 16:28 | Build | Farm |
| 16:31 | Build | Farm |
| 16:32 | Create | Scout Cavalry |
| 16:42 | Build | House |
| 16:48 | Create | Villager (Male) |
| 17:28 | Create | Archer |
| 17:29 | Create | Archer |
| 17:31 | Create | Villager (Male) |
| 17:32 | Create | Villager (Male) |
| 17:35 | Build | Farm |
| 17:40 | Create | Archer |
| 18:10 | Create | Villager (Male) |
| 18:11 | Create | Scout Cavalry |
| 18:12 | Create | Scout Cavalry |
| 18:17 | Build | Farm |
| 18:34 | Create | Villager (Male) |
| 18:38 | Build | Farm |
| 18:38 | Build | Farm |
| 18:38 | Build | Farm |
| 18:44 | Build | House |
| 18:46 | Build | House |
| 18:50 | Create | Villager (Male) |
| 19:06 | Build | House |
| 19:09 | Create | Villager (Male) |
| 19:14 | Build | Farm |
| 19:17 | Build | Farm |
| 19:23 | Build | Market |
| 19:27 | Create | Villager (Male) |
| 19:40 | Build | Farm |
| 19:45 | Create | Villager (Male) |
| 19:57 | Research | Horse Collar |
| 20:19 | Build | Farm |
| 20:58 | Build | Farm |
| 21:03 | Research | Castle Age |
| 21:09 | Build | House |
| 21:22 | Create | Villager (Male) |
| 21:52 | Create | Villager (Male) |
| 22:01 | Create | Villager (Male) |
| 22:26 | Build | Stable |
| 22:33 | Create | Scout Cavalry |
| 22:34 | Create | Scout Cavalry |
| 22:50 | Build | House |
| 23:00 | Build | Palisade Wall |
| 23:15 | Create | Villager (Male) |
| 23:43 | Age | Castle Age |
| 23:51 | Research | Crossbowman (upgrade) |
| 23:52 | Research | Bodkin Arrow |
| 23:56 | Create | Knight |
| 23:56 | Create | Knight |
| 24:03 | Build | House |
| 24:12 | Build | Town Center |
| 24:17 | Create | Villager (Male) |
| 24:27 | Research | Scale Barding Armor |
| 24:31 | Create | Archer |
| 24:31 | Create | Archer |
| 24:31 | Create | Archer |
| 24:32 | Create | Archer |
| 24:50 | Build | Town Center |
| 25:14 | Build | Farm |
| 25:25 | Create | Villager (Male) |
| 25:26 | Research | Town Watch |
Match timeline
| 8:19 | Thelocalfish · first_building Barracks |
| 8:36 | Vašus · first_building Barracks |
| 9:10 | Vašus · wall_segment Palisade Wall x2 |
| 9:15 | Thelocalfish · age_up feudal |
| 9:34 | Thelocalfish · first_building Archery Range |
| 9:37 | Vašus · age_up feudal |
| 9:39 | Vašus · first_building Archery Range |
| 10:11 | Vašus · wall_segment Palisade Wall x10 |
| 10:29 | Vašus · wall_segment Palisade Wall x7 |
| 10:32 | Vašus · wall_segment Palisade Wall x3 |
| 10:56 | Vašus · wall_segment Palisade Wall x7 |
| 11:56 | Vašus · wall_segment Palisade Wall x5 |
| 12:49 | Vašus · wall_segment Palisade Wall x6 |
| 15:10 | Vašus · first_building Stable |
| 18:38 | Thelocalfish · first_market_buy 100 stone |
| 20:33 | Thelocalfish · age_up castle |
| 20:42 | Vašus · first_market_buy 100 food |
| 21:26 | Thelocalfish · first_market_sell 500 food |
| 23:00 | Vašus · wall_segment Palisade Wall x1 |
| 23:43 | Vašus · age_up castle |
| 28:51 | Thelocalfish · first_building Siege Workshop |
| 30:46 | Thelocalfish · first_building Stable |
| 31:09 | Vašus · first_building Castle |
| 35:09 | Thelocalfish · first_building Castle |
| 36:54 | Thelocalfish · first_building Monastery |
| 37:43 | Vašus · age_up imperial |
| 37:50 | Thelocalfish · resign |
[ AI ANALYSIS · 1 CREDIT ]
What really happened in this match?
Wolo.gg analyzes every decision: build order, eco, micro, common mistakes by bracket. Personalized analysis on WhatsApp or Discord in 30 seconds.
Civ guide
Lithuanians
Map guide
Arabia
Perfil
Jugador #8987212